cohdb
Replays
Latest Replays
All Replays
Popular Replays
Top Player Replays
Match Explorer
How It Works
Community
CoH3 Stats
Reddit
Sign in to upload your games and track your stats! →
Sign in with Steam
Match 29604100
Unlisted
Match 29604100
Overview
Messages
Build Orders
End
Construct Barracks
Riflemen Squad
Riflemen Squad
Riflemen Squad
Grenade Package
Riflemen Squad
Infantry Support Center
Construct Medical Station
Engineer Squad
M1918 Browning Automatic Rifles
Riflemen Squad
Construct Tank Depot
Selects Armored Battlegroup
Selects Strength in Steel
Selects Seek and Destroy
Selects UNKNOWN (2160077)
Selects Veteran Crews
Selects M31 Recovery Vehicle
AI Takeover
Gengeol
可爱豆腐乳
RedClownLips
,,,,,,,,
Down to clown
7
Sr Muertecita
iAinEng
0
0
Comments
sign in to comment!
No comments posted yet!